Cogmind - Beta 16.1 @@@ ROGUE MODE // 2026.04.11 @ 17:54:32 Player: KURIIRI Result: Destroyed by B-36 Bruiser with Hammer Performance ------------- Evolutions (0) 0 Regions Visited (3) 600 Robots Destroyed (59) 295 Value Destroyed (1648) 1648 Prototype IDs (13) 260 Alien Tech Used (0) 0 Bonus (1952) 1952 TOTAL SCORE: 4755 Bonus ------- Delivered SUBCON Basin 2000 Friendly Fire -48 Cogmind --------- Core Integrity 0/250 Matter 282/300 Energy 18/100 System Corruption 0% Temperature Cool (55) Movement Rolling (80) Location -9/Recycling Parts ------- > --- POWER (1) -------- (None) > --- PROPULSION (2) --- Wheel > --- UTILITY (2) ------ (None) > --- WEAPON (2) ------- Riot Gun Subdweller Laser > --- INVENTORY (5) ---- Light Treads Scrap Shield Makeshift Hacking Suite Peak State ------------ > --- POWER ------------ Ion Engine > --- PROPULSION ------- Wheel Compact Wheel > --- UTILITY ---------- Humpback > --- WEAPON ----------- Subdweller Laser Subdweller Beam Cannon > --- INVENTORY -------- Subdweller Power Source Subdweller Power Source Light Treads High-capacity Matter Pod Structural Scanner Subdweller Optics Scrap Shield Makeshift Hacking Suite Riot Gun Riot Gun Battle Rifle Battle Rifle Subdweller Machine Gun Barrage Gun Heavy Battle Rifle Subdweller Shrapnel Launcher Multitool SUBCON Basin [Rating: 31] Favorites ----------- Power Ion Engine Engine Ion Engine Propulsion Compact Wheel Treads Light Treads Leg Aluminum Leg Wheel Compact Wheel Utility Medium Storage Unit Device Heat Sink Storage Medium Storage Unit Protection Scrap Shield Weapon Subdweller Beam Cannon Energy Gun Subdweller Laser Energy Cannon Subdweller Beam Cannon Ballistic Gun Assault Rifle Ballistic Cannon Battle Cannon Launcher Grenade Launcher Slashing Weapon Mining Claw Build | -11 -10 -10 -9 ------- Run | Yrd Mat Sub Rec Slots Evolved . | . . . . Power . | . . . . Propulsion . | . . . . Utility . | . . . . Weapon . | . . . . Parts Attached 32 | 4 10 16 2 Power 2 | . 1 1 . Engine 2 | . 1 1 . Core . | . . . . Reactor . | . . . . Propulsion 6 | 2 1 3 . Treads 3 | 2 1 . . Leg . | . . . . Wheel 3 | . . 3 . Hover . | . . . . Flight . | . . . . Utility 6 | 1 2 3 . Device 2 | 1 1 . . Storage 2 | . 1 1 . Processor . | . . . . Hackware . | . . . . Protection 2 | . . 2 . Artifact . | . . . . Weapon 18 | 1 6 9 2 Energy Gun 3 | . 1 1 1 Energy Cannon 5 | . 1 4 . Ballistic Gun 5 | 1 1 2 1 Ballistic Cannon 1 | . . 1 . Launcher 3 | . 3 . . Special Weapon . | . . . . Impact Weapon . | . . . . Slashing Weapon 1 | . . 1 . Piercing Weapon . | . . . . Special Melee Weapon . | . . . . Unidentified Prototypes . | . . . . Parts Lost 6 | . 1 3 2 Power 2 | . . 1 1 Propulsion 4 | . 1 2 1 Utility . | . . . . Weapon . | . . . . Highest Loss Streak 2 | . 1 1 2 To Critical Strikes . | . . . . Average Backups 10 | 6 8 8 19 Power . | 1 1 . 1 Propulsion 1 | 4 1 . . Utility 3 | . 1 3 5 Weapon 5 | 1 4 4 9 Tool/Special . | . . . . Unused Backups 28 | . 8 3 17 Power 4 | . 1 . 3 Propulsion 4 | . 2 . 2 Utility 8 | . 2 1 5 Weapon 11 | . 3 2 6 Tool/Special 1 | . . . 1 Average Slot Usage (%) 88 | . 98 86 84 Engine 13 | . 14 14 13 Treads 6 | . 26 2 . Wheel 18 | . . 20 27 Device 3 | . 14 1 . Storage 10 | . 14 8 13 Protection 6 | . . 9 . Energy Gun 7 | . 8 4 14 Energy Cannon 14 | . 4 17 10 Ballistic Gun 5 | . 12 3 3 Launcher 1 | . 2 . . Peak Build Rating 31 | 7 8 30 31 Average Rating 11 | 6 7 11 17 On Entrance 12 | 6 7 8 30 Avg Prop Armor Cover (%) 5 | . . 5 . Naked Turns . | . . . . Heaviest Build 217 | 15 20 217 217 Greatest Support 40 | 40 40 40 26 Greatest Overweight (x) 8 | . . 8 8 Average Overweight (x) 2 | . . 2 7 Largest Inventory Capacity 35 | 8 10 35 35 Average Capacity 15 | 8 9 13 34 Most Carried 35 | 6 10 32 35 Average Carried 11 | 5 8 9 23 Final Capacity 35 | 8 10 35 5 Final Carried 32 | 4 9 32 4 Class Distribution -------------------- 56% | Mutant 28% | Hauler-Mutant 14% | Subdweller-Mutant Dominant Class ---------------- Mutant | -10/Materials Mutant | -10/Subcaves Hauler-Mutant | -9/Recycling Resources | -11 -10 -10 -9 ----------- Run | Yrd Mat Sub Rec Matter Collected 1826 | 243 548 926 109 Remotely 320 | 31 289 . . Salvage Created 1959 | 117 645 917 280 Parts 114 | 5 46 48 15 Haulers Intercepted 1 | . 1 . . Recyclers Shooed 2 | . 2 . . Parts Field Recycled . | . . . . Retrieved Matter . | . . . . Parts Self-Destructed 15 | . . 15 . Prevented . | . . . . Parts Restored . | . . . . Kills | -11 -10 -10 -9 ------- Run | Yrd Mat Sub Rec Combat Hostiles Destroyed 44 | . 19 20 5 Guns 12 | . 7 1 4 Cannons 20 | . 2 17 1 AOE 11 | . 10 1 . Classes Destroyed 15 | 2 7 3 3 Worker 3 | . 3 . . Builder 1 | . 1 . . Tunneler 2 | 1 1 . . Hauler 1 | . 1 . . Recycler 2 | 1 1 . . Operator 2 | . 2 . . Turret 1 | . . 1 . Watcher 3 | . 3 . . Swarmer 9 | . 9 . . Grunt 14 | . 10 4 . Duelist 1 | . . . 1 Sentry 3 | . . . 3 Hunter 1 | . . . 1 Artisan 2 | . . 2 . Subdweller 16 | . . 16 . Best Kill Streak 5 | 2 5 4 2 Combat Bots Only 4 | . 3 4 2 Max Kills in Single Turn 4 | 1 4 1 1 Gunslinging 1 | . 1 . . Exploded 2 | . 2 1 . Melee . | . . . . Uniques/NPCs Destroyed . | . . . . Combat | -11 -10 -10 -9 -------- Run | Yrd Mat Sub Rec Hostile Shots Fired 177 | . 78 78 21 Missed 65 | . 28 32 5 Hits 112 | . 50 46 16 Melee 4 | . . . 4 Projectile 108 | . 50 46 12 AOE 1 | . . 1 . Critical Strikes 4 | . 1 2 1 Damage Taken 1596 | . 570 738 288 Core 259 | . 62 140 57 Absorbed by Shields . | . . . . Core Remaining (%) 100 | 100 . . . Volleys Fired 226 | 4 83 123 16 Largest 2 | 2 2 2 2 Hottest 160 | 60 110 160 140 Shots Fired 351 | 8 142 170 31 Gun 193 | 8 117 44 24 Cannon 129 | . 10 112 7 Launcher 29 | . 15 14 . Special . | . . . . Kinetic 158 | 4 94 54 6 Thermal 162 | 4 33 102 23 Explosive 29 | . 15 14 . Electromagnetic 2 | . . . 2 Robot Hit Streak 17 | 2 8 17 6 Robot Miss Streak 3 | 1 3 2 2 Penetration Max . | . . . . Secondary Targets 1 | . 1 . . Max Gunslinging Chain 1 | . 1 . . Shots Hit Robots 175 | 4 82 68 21 Core Hits 91 | 3 56 26 6 Critical Kills 1 | . . 1 . Critical Parts Destroyed . | . . . . Critical Strikes 4 | . 3 1 . Burn 3 | . 3 . . Meltdown 1 | . . 1 . Melee Attacks 17 | . . 17 . Impact . | . . . . Slashing 17 | . . 17 . Piercing . | . . . . Sneak Attacks . | . . . . Combat Hostiles . | . . . . Follow-up Attacks . | . . . . Damage Inflicted 4043 | 45 1892 1685 421 Guns 1435 | 45 959 123 308 Cannons 1727 | . 122 1492 113 Explosions 867 | . 797 70 . Melee . | . . . . Ramming 14 | . 14 . . Kinetic 981 | 23 755 149 54 Thermal 2154 | 22 326 1466 340 Explosive 867 | . 797 70 . Electromagnetic 27 | . . . 27 Impact . | . . . . Slashing . | . . . . Piercing . | . . . . Highest Corruption . | . . . . Average Corruption . | . . . . Corruption Purged . | . . . . Corruption Blocked . | . . . . Overload Shots . | . . . . Overflow Damage 51 | . 6 45 . Projectiles 45 | . . 45 . Explosions 6 | . 6 . . Melee . | . . . . Knockbacks 2 | . 1 1 . Impact 1 | . 1 . . Kinetic 1 | . . 1 . Secondary . | . . . . Self-Inflicted Damage 40 | . 40 . . Shots 2 | . 2 . . Rammed 1 | . 1 . . Targets Rammed 2 | . 2 . . Kicked . | . . . . Crushed 1 | . 1 . . Highest Temperature 495 | . 132 246 495 Average Temperature 88 | . 33 64 163 Received Heat Transfer 420 | . 222 171 27 Effects 2 | . . . 2 Shutdowns 1 | . . . 1 Short Circuit 1 | . . . 1 Siege Activations . | . . . . Martial Activations . | . . . . Shielding Activations . | . . . . Robots Disrupted . | . . . . Combat Hostiles . | . . . . Robots Corrupted . | . . . . Combat Hostiles . | . . . . Parts Fried . | . . . . Impact Corruptions . | . . . . Robots Melted 1 | . . 1 . Combat Hostiles 1 | . . 1 . Parts Melted 12 | . 4 7 1 Heat Transferred 3655 | 50 1073 2109 423 Parts Sabotaged . | . . . . Parts Stolen . | . . . . Parts Stripped . | . . . . Power Chain Reactions . | . . . . Alert | -11 -10 -10 -9 ------- Run | Yrd Mat Sub Rec Maximum Alert Level 1 | . 1 . . Low Security (%) 86 | 100 75 . 100 Level 1 13 | . 24 . . Level 2 . | . . . . Level 3 . | . . . . Level 4 . | . . . . Level 5 . | . . . . High Security . | . . . . Max Security . | . . . . Peak Influence 316 | 10 316 . 65 Initial 10 | . . . 10 Average 72 | 2 126 . 11 Influence Increases 1085 | 10 730 150 195 Destroy 0b10 Robot/C 580 | . 380 100 100 Destroy 0b10 Robot/NC 75 | 10 60 . 5 Destroy Leader 108 | . 88 20 . Successful Hack 53 | . 25 . 28 Select Force Hacks 120 | . 60 . 60 Disable Machine 30 | . 30 . . Destroy Structure 74 | . 72 . 2 Lose Combat Pursuer 45 | . 15 30 . Influence Decreases 1059 | 10 444 414 191 Entered New Map 150 | . . 138 12 Time Decay 847 | 10 434 256 147 Lost Part 40 | . 10 20 10 Lost Ally 22 | . . . 22 Squads Dispatched 5 | . 5 . . Investigation 2 | . 2 . . Extermination . | . . . . Reinforcement 3 | . 3 . . Assault . | . . . . Garrison . | . . . . Intercept . | . . . . Searches Triggered . | . . . . Construction Impeded . | . . . . Haulers Reinforced . | . . . . Active Scanning Responses . | . . . . Cargo Convoy Interrupts . | . . . . Stealth | -11 -10 -10 -9 --------- Run | Yrd Mat Sub Rec Distress Signals 2 | . 2 . . Communications Jammed . | . . . . Distress Signals . | . . . . Times Spotted 57 | . 27 25 5 Peak Tracking Total 4 | . 4 4 3 Tactical Retreats 3 | . 1 2 . Traps | -11 -10 -10 -9 ------- Run | Yrd Mat Sub Rec Traps Triggered . | . . . . Indirectly . | . . . . Trap Hack Attempts . | . . . . Triggered . | . . . . Disarmed . | . . . . Reprogrammed . | . . . . Reused . | . . . . Traps Extracted . | . . . . Installed . | . . . . Triggered . | . . . . Machines | -11 -10 -10 -9 ---------- Run | Yrd Mat Sub Rec Machines Disabled 4 | . 2 2 . Max in Single Turn 2 | . 1 2 . Machines Repaired . | . . . . Machines Dismantled . | . . . . Machines Sabotaged . | . . . . Overloaded Fab Kills . | . . . . Hacking | -11 -10 -10 -9 --------- Run | Yrd Mat Sub Rec Machines Accessed 16 | . 7 4 5 Terminals 8 | . 5 . 3 Fabricators . | . . . . Repair Stations . | . . . . Recycling Units 4 | . 2 . 2 Scanalyzers . | . . . . Garrison Access . | . . . . Total Hacks 38 | . 21 7 10 Successful 26 | . 11 7 8 Failed 12 | . 10 . 2 Catastrophic 2 | . 1 . 1 Database Lockouts . | . . . . Manual 31 | . 21 . 10 Terminals 25 | . 17 . 8 Fabricators . | . . . . Repair Stations . | . . . . Recycling Units 6 | . 4 . 2 Scanalyzers . | . . . . Garrison Access . | . . . . Terminal Hacks 11 | . 2 7 2 Record 4 | . . 4 . Robot Analysis 4 | . 2 . 2 Open Door 1 | . . 1 . Proto ID Catalog 1 | . . 1 . Release Object 1 | . . 1 . Fabricator Hacks . | . . . . Repair Station Hacks . | . . . . Recycling Unit Hacks . | . . . . Scanalyzer . | . . . . Garrison Access Hacks . | . . . . Unauthorized Hacks 15 | . 9 . 6 Terminals 11 | . 7 . 4 Botnet 3 | . 2 . 1 Skim 8 | . 5 . 3 Fabricators . | . . . . Repair Stations . | . . . . Recycling Units 4 | . 2 . 2 Tunnel 4 | . 2 . 2 Scanalyzers . | . . . . Garrison Access . | . . . . Data Cores Recovered . | . . . . Used . | . . . . Hacking Detections 9 | . 6 . 3 Full Trace Events . | . . . . Feedback Events . | . . . . Feedback Blocked . | . . . . Robot Schematics Acquired . | . . . . Robots Built . | . . . . Authchips . | . . . . Time . | . . . . Total Robot Build Rating . | . . . . Part Schematics Acquired . | . . . . Parts Built . | . . . . Authchips . | . . . . Time . | . . . . Total Part Build Rating . | . . . . Part Studies Acquired . | . . . . Parts Repaired . | . . . . Time . | . . . . Parts Recycled . | . . . . Recycled Matter . | . . . . Retrieved Matter . | . . . . Retrieved Components . | . . . . Parts Scanalyzed . | . . . . Part Schematics Acquired . | . . . . Parts Damaged . | . . . . Bothacking | -11 -10 -10 -9 ------------ Run | Yrd Mat Sub Rec Used RIF Installer . | . . . . Robots Hacked . | . . . . Non-combat . | . . . . Combat . | . . . . Robot Hacks Applied . | . . . . Relay Couplers Released . | . . . . Fabnet Peak Effective % . | . . . . Robots Rewired 4 | . . . 4 Allies Hacked . | . . . . Hacks Repelled . | . . . . Allies | -11 -10 -10 -9 -------- Run | Yrd Mat Sub Rec Total Allies 4 | . . . 4 Largest Group 4 | . . . 4 Highest-Rated Group 75 | . . . 75 Highest-Rated Ally 27 | . . . 27 Total Orders . | . . . . Ally Attacks 7 | . . . 7 Total Damage 118 | . . . 118 Kills . | . . . . Allies Corrupted . | . . . . Allies Melted . | . . . . Intel | -11 -10 -10 -9 ------- Run | Yrd Mat Sub Rec Active Infowar (turns) . | . . . . Robot Analysis Total 4 | . 2 . 2 Derelict Logs Recovered 1 | . . 1 . Drone Launches . | . . . . Drone Recoveries . | . . . . Exploration | -11 -10 -10 -9 ------------- Run | Yrd Mat Sub Rec Turns Passed 7854 | 47 1445 5135 1227 Spaces Moved 3730 | 25 704 2644 357 Core . | . . . . Treads 848 | 1 704 143 . Legs 24 | 24 . . . Wheels 2858 | . . 2501 357 Hover . | . . . . Flight . | . . . . Fastest Speed 80 | 120 160 105 80 Average Speed 152 | 121 160 143 207 Slowest Speed 240 | 160 160 240 210 Overloaded Moves . | . . . . Propulsion Burnouts . | . . . . Robots Hopped . | . . . . Potential Cave-ins . | . . . . Cave-ins Triggered . | . . . . Exploration Rate (%) 61 | 3 97 98 49 Regions Visited 3 Branch Regions 2 Pre-discovered Areas 7 | . 4 1 2 Known Exits Taken 1 | . . 1 . Unknown Exits Taken 2 | 1 1 . . Scrap Searched 12 | . . 12 . Spaces Dug 65 | . 31 34 . Terrain Destroyed 188 | . 80 106 2 Melee . | . . . . Projectile 24 | . . 22 2 AOE 164 | . 80 84 . Terrain Rammed . | . . . . Walls Destroyed . | . . . . Machines Disabled . | . . . . Actions | -11 -10 -10 -9 --------- Run | Yrd Mat Sub Rec Total 5519 | 34 884 3781 820 Wait 1358 | . 56 924 378 Move 3727 | 24 703 2643 357 Hop . | . . . . Pick Up 46 | . 16 20 10 Fast Attach 11 | 1 . 10 . Attach 10 | 2 1 5 2 Detach 6 | . . 5 1 Swap 23 | 1 12 10 . Drop 41 | 2 11 20 8 Fire 226 | 4 83 123 16 Melee 17 | . . 17 . Ram . | . . . . Kick . | . . . . Crush 2 | . 2 . . Escape Stasis . | . . . . Rewire 48 | . . . 48 Trap . | . . . . Miscellaneous 4 | . . 4 . Route ------- -11/Scrapyard -10/Materials (discovered 5 exits: [*Mat x3] / [*Min] / *Sub) -10/Subcaves (discovered 3 exits: [*Mat x2] / *Rec) -9/Recycling History --------- Turn | Location | Event 14 | -11/Scrapyard | Discovered new exit (range 3) 48 | -11/Scrapyard | Entered Materials 164 | -10/Materials | Discovered new exit (range 11) 321 | -10/Materials | Build established: Mutant 614 | -10/Materials | Discovered new exit (range 10) 921 | -10/Materials | Discovered new exit (range 10) 1136 | -10/Materials | Discovered new exit (range 10) 1327 | -10/Materials | Learned 4 Subcaves zone layouts 1383 | -10/Materials | Learned location of Recycling (-9) 1427 | -10/Materials | Learned location of Mines (-9) 1430 | -10/Materials | Discovered new exit (range 8) 1460 | -10/Materials | Learned Storage garrison access intel 1493 | -10/Materials | Entered Subcaves 1494 | -10/Subcaves | Identified exit to Recycling 1506 | -10/Subcaves | A swath of the cavern ceiling suddenly collapsed 1590 | -10/Subcaves | Learned Materials emergency access door positions 1946 | -10/Subcaves | Learned location of Zion (-7) 1946 | -10/Subcaves | Met a Zionite searching for "candidates" 2189 | -10/Subcaves | Visited 4L-MR0's lab 2382 | -10/Subcaves | Disturbed a concealed Subdweller 2383 | -10/Subcaves | Core integrity fell below 50% 2510 | -10/Subcaves | Shifting Twisted Machinery released Battle Rifle 3677 | -10/Subcaves | Shifting Twisted Machinery released Scrap Shield 3691 | -10/Subcaves | Shifting Twisted Machinery released Sub. Monowheel 3987 | -10/Subcaves | Build established: Subdweller-Mutant 4025 | -10/Subcaves | Ambushed by Subdweller buried in earth 4299 | -10/Subcaves | Discovered new exit (range 11) 4359 | -10/Subcaves | Discovered new exit (range 6) 4544 | -10/Subcaves | Visited Clippyterm 4548 | -10/Subcaves | Learned Factory fabricator intel 4649 | -10/Subcaves | Build established: Mutant 4960 | -10/Subcaves | Shifting Twisted Machinery released Sub. Beam Cannon 5104 | -10/Subcaves | Core integrity fell below 20% 5406 | -10/Subcaves | Build established: Subdweller-Mutant 5872 | -10/Subcaves | Build established: Hauler-Mutant 6522 | -10/Subcaves | Found SUBCON Basin 6628 | -10/Subcaves | Entered Recycling 6841 | -9/Recycling | Scanned before Scraplab entrance 6871 | -9/Recycling | Entered Scraplab 7849 | -9/Recycling | Lost 4 allies 7855 | -9/Recycling | Destroyed by B-36 Bruiser with Hammer Last Messages --------------- 07775_ Slug penetrates Rogue 2a. 07777_ Rogue 2a destroyed. 07780_ R-06 Scavenger collects Imp. Ion Engine. 07783_ R-06 Scavenger collects Melee Analysis Suite. 07818_ Slug penetrates Wall. 07829_ Penetrated by Slug. 07829_ Com. Wheel destroyed. 07835_ H-55 Commando destroyed. 07835_ Ion Engine destroyed. 07840_ R-06 Scavenger collects Targeting Computer. 07840_ Battle Rifle severed. 07841_ L-31 Rogue destroyed. 07843_ Dropped Humpback. 07844_ R-06 Scavenger collects Multitool. 07844_ R-06 Scavenger collects Lgt. Nuclear Core. 07848_ R-06 Scavenger collects Sub. Machine Gun. 07851_ R-06 Scavenger collects Riot Gun. Map ----- +----------------------------------------------------+ | ????????????????????????????? | | ????????????????????????????? | | ???????????????????????###### | | ??????????????????????## | | ??????????????????????# #### | | ??????????????????????## #??? | | ???????????????????????# #??? | | ???????????????????????# #??? | | ????????????????????######### | | ????????????????????# # | | ????????????????????# # | | ????????????????????# # | | ????????????????????# # | | ????????????????????####+#### | | ???##################### #??? | | ???# #### | | ???# # | | ???# """"" """"" # | | ???# """"" """"" # | | ???# """"" """"" # | | ???# # | | ???# # | | ???# ##+######## | | ???# ## # | | ???# ## """ + | | ???#@ ## """ # #### | | ???# b ## """ # #??### | | ???# + ?# #????? | | ?### ## """ ?# #????? | | ?#"" ## """ ??# #????? | | ?#"Y * r## """ ??# ????? | | ?#"" *[!#? ???# ????? | | ?### [[[[########+## ????? | | ???# !!/%! ## ????? | | ???#### ]]![ #? ????? | | ?????## #? ????? | | ?????# ? | | ?????## r ##### ##### ? | | ???####% #????? #????? | | ??## #####+##+#####+## | | ??# # ! [ ! [# | | ??## %#%! % ![ # | | ???# + % ] # | | ???### # # | | ?????# # [[ = !#? | | ???### %####+####+####+##? | | ???#"" *#??# #??? #??????? | | ???#"Y #??# #??? ###????? | | ???#"" #### #??# ?????? | | ???### #### #???+##+ | +----------------------------------------------------+ Best States ------------- Heat Dissipation 35 Energy Generation 10 Energy Capacity 250 Matter Stores 300 Matter Capacity 300 Sight Range 16 Terrain Scan Density 10 Armor Coverage 800 Evasion (%) 55 Recoil Reduction 2 Item Schematics ----------------- None Robot Schematics ------------------ None Fabricated ------------ Nothing Repaired ---------- Nothing Studied --------- None Alien Tech Used ----------------- None Achievements -------------- None Challenges ------------ None Game ------ Seed ThrusterGravityCarapace Manual? 0 Play Time 00:34:41 Cumulative 404.6 hours Start 2026.04.11 @ 16:36:11 End 2026.04.11 @ 17:54:32 Sessions 1 Manual Loads 0 Difficulty Rogue Special Mode None Game No. 345 Rogue 309 Adventurer 36 Explorer 0 Win Type - Total 5 Types 2/0/0/1/0/0/0/2/0/0 Lore% 75 Gallery% 67 Achievement% 56 Wizard Run 0 Options --------- Layout 1 ASCII 0 Keyboard 0 Movement Numpad Keybinds 0 Fullscreen 1 Font 48/Smallcaps Map View 50x35 Zoom Use 0% Tactical HUD 1 Map Filters NONE Filters NONE Steam 1 RUN: 59083846-8594-4c75-8c7a-6b48bcf9e300